TOP OF THE 1ST |
---|
Culver City Extras batting - Pitching for San Diego Smashers : RHP Vicente Calderón | Pitching: RHP Vicente Calderón | | Batting: RHB Horace Johnson | 0-0: Swinging Strike 0-1: Ball 1-1: Foul Ball, location: 2F 1-2: Strikes out looking | Batting: RHB Jason McIntosh | 0-0: Ball 1-0: Called Strike 1-1: Ball 2-1: Swinging Strike 2-2: Strikes out looking | Batting: LHB Iván Espinosa | 0-0: Foul Ball, location: 2F 0-1: Fly out, F9 (Flyball, 9D) | Top of the 1st over - 0 runs, 0 hits, 0 errors, 0 left on base; Culver City 0 - San Diego 0 | BOTTOM OF THE 1ST |
---|
San Diego Smashers batting - Pitching for Culver City Extras : LHP Dennis Morales | Pitching: LHP Dennis Morales | | Batting: LHB Dale Miller | 0-0: Called Strike 0-1: Ball 1-1: Swinging Strike 1-2: Ball 2-2: SINGLE (Groundball, 4MD) | Batting: LHB Richard Brooks | 0-0: Ball 1-0: Foul Ball, location: 2F 1-1: Ball 2-1: Fly out, F7 (Flyball, 7D) | Batting: LHB John White | 0-0: Ball 1-0: Ball Dale Miller steals 2nd base 2-0: Ball 3-0: Called Strike 3-1: Base on Balls | Batting: LHB Steven Smith | 0-0: Called Strike 0-1: Ball 1-1: Ball 2-1: Fielders Choice at 2nd, 3-6 (Groundball, 34) Dale Miller to third | Batting: RHB Gerald Davis | 0-0: Foul Ball, location: 2F 0-1: Ball 1-1: Ball 2-1: Foul Ball, location: 2F 2-2: Ball 3-2: Strikes out swinging | Bottom of the 1st over - 0 runs, 1 hit, 0 errors, 2 left on base; Culver City 0 - San Diego 0 | TOP OF THE 2ND |
---|
Culver City Extras batting - Pitching for San Diego Smashers : RHP Vicente Calderón | Batting: LHB Tony Smith | 0-0: Foul Ball, location: 2F 0-1: Ball 1-1: Swinging Strike 1-2: Ball 2-2: Ball 3-2: Fly out, F9 (Flyball, 9LD) | Batting: LHB Trey Fitzpatrick | 0-0: Called Strike 0-1: Ball 1-1: Ball 2-1: Called Strike 2-2: DOUBLE (Flyball, 8RXD) | Batting: LHB Buddy Rice | 0-0: Swinging Strike 0-1: Foul Ball, location: 2F 0-2: Ball 1-2: Fly out, F5 (Popup, 5SF) | Batting: RHB Marcos Liñares | 0-0: Ball 1-0: Fly out, F3 (Popup, 3L) | Top of the 2nd over - 0 runs, 1 hit, 0 errors, 1 left on base; Culver City 0 - San Diego 0 | BOTTOM OF THE 2ND |
---|
San Diego Smashers batting - Pitching for Culver City Extras : LHP Dennis Morales | Batting: RHB Ray Rogers | 0-0: Swinging Strike 0-1: Swinging Strike 0-2: Strikes out swinging | Batting: RHB Manuel Martínez | 0-0: Ball 1-0: Foul Ball, location: 2F 1-1: Foul Ball, location: 2F 1-2: Ball 2-2: Foul Ball, location: 2F 2-2: Ball 3-2: Foul Ball, location: 2F 3-2: Foul Ball, location: 2F 3-2: Fly out, F9 (Flyball, 9LS) | Batting: RHB Sean Smith | 0-0: Ball 1-0: Foul Ball, location: 2F 1-1: Hit by Pitch | Pinch Runner at 1st Michael Aisher: | | Batting: LHB Jorge Pineda | 0-0: Ball 1-0: Called Strike 1-1: Ground out 4-3 (Groundball, 4) | Bottom of the 2nd over - 0 runs, 0 hits, 0 errors, 1 left on base; Culver City 0 - San Diego 0 | TOP OF THE 3RD |
---|
Culver City Extras batting - Pitching for San Diego Smashers : RHP Vicente Calderón | Now at 2B: Michael Aisher | | Batting: LHB Francisco Chavero | 0-0: Ball 1-0: Fly out, F6 (Flyball, 56D) | Batting: SHB Joey Boyd | 0-0: Ground out 4-3 (Groundball, 34D) | Batting: RHB Horace Johnson | 0-0: Called Strike 0-1: Foul Ball, location: 2F 0-2: SINGLE (Groundball, 34D) | Batting: RHB Jason McIntosh | 0-0: Ball Horace Johnson is caught stealing 2nd base | Top of the 3rd over - 0 runs, 1 hit, 0 errors, 0 left on base; Culver City 0 - San Diego 0 | BOTTOM OF THE 3RD |
---|
San Diego Smashers batting - Pitching for Culver City Extras : LHP Dennis Morales | Batting: LHB Dale Miller | 0-0: Ball 1-0: Called Strike 1-1: Ball 2-1: Ball 3-1: Foul Ball, location: 2F 3-2: SINGLE (Groundball, 6S) (infield hit) | Batting: LHB Richard Brooks | 0-0: Ball 1-0: Foul Ball, location: 2F 1-1: Swinging Strike 1-2: Foul Ball, location: 2F 1-2: Strikes out swinging | Batting: LHB John White | 0-0: Ball 1-0: Called Strike 1-1: Ball 2-1: Ball 3-1: Called Strike 3-2: Grounds into double play, 6-4-3 (Groundball, 6) | Bottom of the 3rd over - 0 runs, 1 hit, 0 errors, 0 left on base; Culver City 0 - San Diego 0 | TOP OF THE 4TH |
---|
Culver City Extras batting - Pitching for San Diego Smashers : RHP Vicente Calderón | Batting: RHB Jason McIntosh | 0-0: Ball 1-0: Swinging Strike 1-1: Ground out 4-3 (Groundball, 4) | Batting: LHB Iván Espinosa | 0-0: Ball 1-0: Called Strike 1-1: SINGLE (Groundball, 6MD) | Batting: LHB Tony Smith | 0-0: Ball 1-0: Called Strike 1-1: Fly out, F5 (Popup, 56) | Batting: LHB Trey Fitzpatrick | Balk! Iván Espinosa to second 0-0: Called Strike 0-1: Ball 1-1: Ball 2-1: Ground out 6-3 (Groundball, 56) | Top of the 4th over - 0 runs, 1 hit, 0 errors, 1 left on base; Culver City 0 - San Diego 0 | BOTTOM OF THE 4TH |
---|
San Diego Smashers batting - Pitching for Culver City Extras : LHP Dennis Morales | Batting: LHB Steven Smith | 0-0: Called Strike 0-1: Ground out 4-3 (Groundball, 4) | Batting: RHB Gerald Davis | 0-0: Ball 1-0: Ground out 6-3 (Groundball, 6) | Batting: RHB Ray Rogers | 0-0: DOUBLE (Line Drive, 7LM) | Batting: RHB Manuel Martínez | 0-0: Foul Ball, location: 2F 0-1: Ball 1-1: Ball 2-1: Fly out, F4 (Popup, 4M) | Bottom of the 4th over - 0 runs, 1 hit, 0 errors, 1 left on base; Culver City 0 - San Diego 0 | TOP OF THE 5TH |
---|
Culver City Extras batting - Pitching for San Diego Smashers : RHP Vicente Calderón | Batting: LHB Buddy Rice | 0-0: Foul Ball, location: 2F 0-1: Ball 1-1: Called Strike 1-2: Foul Ball, location: 2F 1-2: Ball 2-2: Foul Ball, location: 2F 2-2: DOUBLE (Line Drive, 89XD) | Batting: RHB Marcos Liñares | 0-0: Foul Ball, location: 2F 0-1: Ground out 3-1 (Groundball, 34) Buddy Rice to third | Batting: LHB Francisco Chavero | 0-0: Ground out 4-3 (Groundball, 4) Buddy Rice scores | Batting: SHB Joey Boyd | 0-0: Ball 1-0: Called Strike 1-1: Called Strike 1-2: Strikes out looking | Top of the 5th over - 1 run, 1 hit, 0 errors, 0 left on base; Culver City 1 - San Diego 0 | BOTTOM OF THE 5TH |
---|
San Diego Smashers batting - Pitching for Culver City Extras : LHP Dennis Morales | Batting: SHB Michael Aisher | 0-0: Called Strike 0-1: Foul Ball, location: 2F 0-2: Foul Ball, location: 2F 0-2: Strikes out swinging | Batting: LHB Jorge Pineda | 0-0: Ball 1-0: Ball 2-0: Called Strike 2-1: Foul Ball, location: 2F 2-2: Strikes out looking | Batting: LHB Dale Miller | 0-0: Ground out 1-3 (Groundball, 13S) | Bottom of the 5th over - 0 runs, 0 hits, 0 errors, 0 left on base; Culver City 1 - San Diego 0 | TOP OF THE 6TH |
---|
Culver City Extras batting - Pitching for San Diego Smashers : RHP Vicente Calderón | Batting: RHB Horace Johnson | 0-0: Foul Ball, location: 2F 0-1: SINGLE (Groundball, 4MS) (infield hit) | Batting: RHB Jason McIntosh | 0-0: Ball 1-0: TRIPLE (Flyball, 9LD) Horace Johnson scores | Batting: LHB Iván Espinosa | 0-0: Ball 1-0: Called Strike 1-1: SINGLE (Line Drive, 7LS) Jason McIntosh scores | Batting: LHB Tony Smith | 0-0: Ball 1-0: Ball 2-0: Called Strike 2-1: Ball 3-1: SINGLE (Line Drive, 34D) Iván Espinosa to second Runner from 2nd tries for 3rd, SAFE, no throw | Batting: LHB Trey Fitzpatrick | 0-0: Ball Tony Smith steals 2nd base 1-0: Intentional Walk | Batting: LHB Buddy Rice | 0-0: Ball 1-0: Ball 2-0: Ball 3-0: Base on Balls Iván Espinosa scores Tony Smith to third Trey Fitzpatrick to second | Batting: RHB Marcos Liñares | 0-0: SINGLE (Line Drive, 9LS) Tony Smith scores Trey Fitzpatrick to third Buddy Rice to second | Pitching: RHP Andrés Franco | | Batting: LHB Francisco Chavero | 0-0: Called Strike 0-1: Ball 1-1: Ball 2-1: Ball 3-1: Base on Balls Trey Fitzpatrick scores Buddy Rice to third Marcos Liñares to second | Batting: SHB Joey Boyd | 0-0: Ball 1-0: Foul Ball, location: 2F 1-1: Foul Ball, location: 2F 1-2: Ball 2-2: Foul Ball, location: 2F 2-2: Strikes out swinging | Batting: RHB Horace Johnson | 0-0: Ball 1-0: Called Strike 1-1: Ball 2-1: Foul Ball, location: 2F 2-2: Ball 3-2: Fly out, F9 (Flyball, 89M) Runner from 3rd tags up, SCORES, throw made | Batting: RHB Jason McIntosh | 0-0: Called Strike 0-1: Foul Ball, location: 2F 0-2: Strikes out looking | Top of the 6th over - 6 runs, 5 hits, 0 errors, 2 left on base; Culver City 7 - San Diego 0 | BOTTOM OF THE 6TH |
---|
San Diego Smashers batting - Pitching for Culver City Extras : LHP Dennis Morales | Batting: LHB Richard Brooks | 0-0: Swinging Strike 0-1: Called Strike 0-2: Ball 1-2: Strikes out swinging | Batting: LHB John White | 0-0: Called Strike 0-1: Ball 1-1: Ground out U3 (Groundball, 34) | Batting: LHB Steven Smith | 0-0: Ball 1-0: Swinging Strike 1-1: Foul Ball, location: 2F 1-2: Ball 2-2: Strikes out swinging | Bottom of the 6th over - 0 runs, 0 hits, 0 errors, 0 left on base; Culver City 7 - San Diego 0 | TOP OF THE 7TH |
---|
Culver City Extras batting - Pitching for San Diego Smashers : RHP Andrés Franco | Batting: LHB Iván Espinosa | 0-0: Ball 1-0: Ball 2-0: Called Strike 2-1: Foul Ball, location: 2F 2-2: Ground out 4-3 (Groundball, 4) | Batting: LHB Tony Smith | 0-0: Swinging Strike 0-1: Ball 1-1: Foul Ball, location: 2F 1-2: Foul Ball, location: 2F 1-2: Strikes out looking | Batting: LHB Trey Fitzpatrick | 0-0: Fly out, F5 (Popup, 56D) | Top of the 7th over - 0 runs, 0 hits, 0 errors, 0 left on base; Culver City 7 - San Diego 0 | BOTTOM OF THE 7TH |
---|
San Diego Smashers batting - Pitching for Culver City Extras : LHP Dennis Morales | Now in LF: Ernesto Meléndez | | Batting: RHB Gerald Davis | 0-0: Called Strike 0-1: Fly out, F8 (Flyball, 8LM) | Batting: RHB Ray Rogers | 0-0: Foul Ball, location: 2F 0-1: Fly out, F8 (Flyball, 8RS) | Batting: RHB Manuel Martínez | 0-0: Ball 1-0: Ball 2-0: Foul Ball, location: 2F 2-1: Swinging Strike 2-2: Foul Ball, location: 2F 2-2: Ball 3-2: Base on Balls | Batting: SHB Michael Aisher | 0-0: Foul Ball, location: 2F 0-1: Swinging Strike 0-2: Ball 1-2: Strikes out swinging | Bottom of the 7th over - 0 runs, 0 hits, 0 errors, 1 left on base; Culver City 7 - San Diego 0 | TOP OF THE 8TH |
---|
Culver City Extras batting - Pitching for San Diego Smashers : RHP Andrés Franco | Batting: LHB Buddy Rice | 0-0: Ball 1-0: Foul Ball, location: 2F 1-1: Foul Ball, location: 2F 1-2: Fly out, F8 (Flyball, 8LXD) | Batting: RHB Marcos Liñares | 0-0: Ball 1-0: Ball 2-0: SINGLE (Line Drive, 4M) | Batting: LHB Francisco Chavero | 0-0: SINGLE (Line Drive, 8LS) Marcos Liñares to second | Batting: SHB Joey Boyd | 0-0: Ball 1-0: Foul Ball, location: 2F 1-1: Ball 2-1: Foul Ball, location: 2F 2-2: Strikes out swinging | Batting: RHB Horace Johnson | 0-0: Called Strike 0-1: Ball 1-1: Foul Ball, location: 2F 1-2: Ball 2-2: Ball 3-2: Base on Balls Marcos Liñares to third Francisco Chavero to second | Batting: RHB Jason McIntosh | 0-0: Ball 1-0: Foul Ball, location: 2F 1-1: Foul Ball, location: 2F 1-2: Fly out, F9 (Flyball, 9LS) | Top of the 8th over - 0 runs, 2 hits, 0 errors, 3 left on base; Culver City 7 - San Diego 0 | BOTTOM OF THE 8TH |
---|
San Diego Smashers batting - Pitching for Culver City Extras : LHP Dennis Morales | Pitching: LHP Alonso Álvarez | | Now at C: Robert Koremans | | Now at SS: Dave Anderson | | Batting: LHB Jorge Pineda | 0-0: Called Strike 0-1: Ball 1-1: Called Strike 1-2: Fly out, F9 (Flyball, 9) | Batting: LHB Dale Miller | 0-0: Called Strike 0-1: Ball 1-1: Foul Ball, location: 2F 1-2: Ground out 4-3 (Groundball, 4) | Batting: LHB Richard Brooks | 0-0: Called Strike 0-1: SINGLE (Groundball, 4D) | Batting: LHB John White | 0-0: Called Strike 0-1: Ball 1-1: Swinging Strike 1-2: Ball 2-2: Ground out 4-3 (Groundball, 4) | Bottom of the 8th over - 0 runs, 1 hit, 0 errors, 1 left on base; Culver City 7 - San Diego 0 | TOP OF THE 9TH |
---|
Culver City Extras batting - Pitching for San Diego Smashers : RHP Andrés Franco | Batting: LHB Ernesto Meléndez | 0-0: Ground out U3 (Groundball, 3) | Batting: LHB Tony Smith | 0-0: Ball 1-0: Ball 2-0: Foul Ball, location: 2F 2-1: Ball 3-1: Swinging Strike 3-2: Fly out, F4 (Line Drive, 4) | Batting: LHB Trey Fitzpatrick | 0-0: DOUBLE (Line Drive, 78XD) | Batting: LHB Buddy Rice | 0-0: Foul Ball, location: 2F 0-1: Ball 1-1: Ball 2-1: Foul Ball, location: 2F 2-2: Ground out 1-3 (Groundball, 15S) | Top of the 9th over - 0 runs, 1 hit, 0 errors, 1 left on base; Culver City 7 - San Diego 0 | BOTTOM OF THE 9TH |
---|
San Diego Smashers batting - Pitching for Culver City Extras : LHP Alonso Álvarez | Batting: LHB Steven Smith | 0-0: Called Strike 0-1: Swinging Strike 0-2: Strikes out looking | Batting: RHB Gerald Davis | 0-0: Called Strike 0-1: Called Strike 0-2: Foul Ball, location: 2F 0-2: Strikes out swinging | Batting: RHB Ray Rogers | 0-0: Ball 1-0: Foul Ball, location: 2F 1-1: Foul Ball, location: 2F 1-2: Strikes out looking | Bottom of the 9th over - 0 runs, 0 hits, 0 errors, 0 left on base; Culver City 7 - San Diego 0 | |